 Dungeon Crawl Stone Soup version 0.29-a0-451-gfbfa42419e (webtiles) character file.

Game seed: 13978765784466309229

24 Pelinal the Grasshopper (level 3, 31/36 HPs)
             Began as an Ogre Warper on May 20, 2022.
             Quit the game on level 2 of the Dungeon.
             The game lasted 00:02:37 (1738 turns).

Pelinal the Grasshopper (Ogre Warper)               Turns: 1738, Time: 00:02:37

Health: 31/36      AC:  3    Str: 15    XL:     3   Next: 2%
Magic:  6/6        EV: 10    Int: 14    God:
Gold:   91         SH:  0    Dex: 10    Spells: 4/6 levels left

rFire   . . .      SeeInvis .   a - +0 mace
rCold   . . .      Faith    .   (no shield)
rNeg    . . .      Spirit   .   b - +0 robe
rPois   .          Reflect  .   (helmet restricted)
rElec   .          Harm     .   (no cloak)
rCorr   .          Rampage  .   (gloves unavailable)
Will    .....                   (boots unavailable)
Stlth   +.........              (no amulet)
HPRegen 0.12/turn               (no ring)
MPRegen 0.10/turn               (no ring)

@: no status effects
A: large, unfitting armour, tough skin 1
a: no special abilities


You were on level 2 of the Dungeon.
You visited 1 branch of the dungeon, and saw 2 of its levels.

You collected 91 gold pieces.

Inventory:

Hand Weapons
 a - a +0 mace (weapon)
Missiles
 d - 7 boomerangs of dispersal
 g - 3 curare-tipped darts
 j - 34 stones (quivered)
Armour
 b - a +0 robe (worn)
Scrolls
 c - a scroll of blinking
 h - a scroll of fear {unknown}
 i - a scroll of magic mapping {unknown}
 k - a scroll of enchant weapon {unknown}
 n - a scroll of enchant armour {unknown}
Potions
 e - a potion of invisibility {unknown}
 f - a potion of resistance {unknown}
 l - a potion of attraction {unknown}
 m - a potion of berserk rage {unknown}


   Skills:
 - Level 2.6 Fighting
 + Level 2.4 Maces & Flails
 + Level 2.1 Throwing
 - Level 2.1 Dodging
 - Level 2.4 Spellcasting
 - Level 2.7 Translocations


You had 4 spell levels left.
You knew the following spells:

 Your Spells              Type           Power      Damage    Failure   Level
a - Blink                 Tloc           18%        N/A       12%         2

Your spell library contained the following spells:

 Spells                   Type           Power      Damage    Failure   Level
 Gell's Gravitas          Tloc           9%         N/A       22%         3
 Lesser Beckoning         Tloc           9%         N/A       22%         3
 Teleport Other           Tloc           9%         N/A       22%         3
 Manifold Assault         Tloc           9%         N/A       91%         5


Dungeon Overview and Level Annotations

Branches:
Dungeon (2/15)

Altars:


Innate Abilities, Weirdness & Mutations

You are too large for most types of armour.
You have tough skin. (AC +1)


Message History

You throw a stone.
The stone hits the endoplasm but does no damage.
Unknown command.
Throw: 38 stones
Press: ? - help, Q - select action, (/) - cycle Shift-Dir - straight line, f/p - endoplasm
Aim: an endoplasm (85% to hit)
You throw a stone. The stone hits the endoplasm.
The endoplasm is lightly wounded.
Unknown command.
Throw: 37 stones
Press: ? - help, Q - select action, (/) - cycle Shift-Dir - straight line, f/p - endoplasm
Aim: an endoplasm (lightly wounded, 85% to hit)
You throw a stone. The stone hits the endoplasm.
The endoplasm is heavily wounded.
Unknown command.
Throw: 36 stones
Press: ? - help, Q - select action, (/) - cycle Shift-Dir - straight line, f/p - endoplasm
Aim: an endoplasm (moderately wounded, 85% to hit)
You throw a stone.
The stone hits the endoplasm but does no damage.
The endoplasm is moderately wounded.
Throw: 35 stones
Press: ? - help, Q - select action, (/) - cycle Shift-Dir - straight line, f/p - endoplasm
Aim: an endoplasm (moderately wounded, 85% to hit)
You throw a stone. The stone hits the endoplasm.
The endoplasm is severely wounded.
Unknown command.
You hit the endoplasm.
The endoplasm is almost dead.
The endoplasm freezes you.
You are frozen.
The endoplasm hits you but does no damage.
You hit the endoplasm.
You kill the endoplasm!
You have reached level 3!
Your experience leads to an increase in your attributes!
Increase (S)trength, (I)ntelligence, or (D)exterity?
You feel agile. x2; You feel stronger.
Okay, then.
Are you sure you want to abandon this character and quit the game? (Confirm with "yes".)

## ########. #.....##.
##########.....##.
+.......##.....##.
#######.##.....##.
#.##.....##.
#############.##.....##.
.((.((.@................
##.##.....###.##.....##.
#...>.# #.##.....##.
#.....# #.##.....##.
#.....# #.#########.
#.....# #.#########.
#.....# #...........
#.....##############
#..............#


There were no monsters in sight!

Vanquished Creatures
  4 endoplasms
  2 goblins (D:1)
  A hobgoblin (D:1)
  3 jackals (D:2)
  3 quokkas (D:1)
  4 frilled lizards (D:1)
  3 kobolds (D:1)
  2 rats
22 creatures vanquished.

Vanquished Creatures (others)
  3 fungi (D:2)
  3 plants (D:2)
6 creatures vanquished.

Grand Total: 28 creatures vanquished

Notes
Turn   | Place    | Note
-------+----------+-------------------------------------------
     0 | D:1      | Pelinal the Ogre Warper began the quest for the Orb.
     0 | D:1      | Reached XP level 1. HP: 22/22 MP: 3/3
   397 | D:1      | Reached XP level 2. HP: 26/29 MP: 5/5
   425 | D:1      | Learned a level 2 spell: Blink
  1738 | D:2      | Reached XP level 3. HP: 31/36 MP: 6/6
  1738 | D:2      | Quit the game

Illustrated notes

Levels and vault maps discovered:
D:1:      psy_arrival_radial02, layout_basic, minmay_crystal_room
D:2:      layout_basic, serial_shops, nicolae_lakefront_shop,
          shapermc_ecumenical_altar_mp_ritualfount, uniq_terence, uniq_robin

Skill      XL: |  1  2 |
---------------+-------+-----
Maces & Flails | 2 |  2.4
Throwing       | 2 |  2.1
Fighting       | |  2.6
Dodging        | |  2.1
Spellcasting   | |  2.4
Translocations | |  2.7

Action                   || total
-------------------------++-------
Melee: Mace              ||    74
       Punch             ||     1
Throw: Stone             ||     9
 Stab: Sleeping          ||     1
Armor: Robe              ||    29
Dodge: Dodged            ||    36

Table legend: (Time is in decaauts)
 A = Elapsed time spent in this place.
 B = Non-inter-level travel time spent in this place.
 C = Inter-level travel time spent in this place.
 D = Time resting spent in this place.
 E = Time spent auto-exploring this place.
 F = Levels seen in this place.
 G = Mean time per level.
                   A        B        C        D        E       F      G
               +--------+--------+--------+--------+--------+-----+--------+
         Total |   1759 |   1717 |     42 |    208 |   1299 |   2 |  879.5 |
       Dungeon |   1759 |   1717 |     42 |    208 |   1299 |   2 |  879.5 |
               +--------+--------+--------+--------+--------+-----+--------+

Top non-repeatable levels by time:
     D:1: 1388 daAuts
     D:2: 371 daAuts
